 Dungeon Crawl Stone Soup version 0.29.1-15-g9cfb28693d (webtiles) character file.

Game seed: 10358561014048506305

32 hawla the Firebug (level 3, -5/26 HPs)
             Began as a Meteoran Fire Elementalist on Apr 22, 2023.
             Slain by an iguana (8 damage)
             ... on level 4 of the Dungeon.
             The game lasted 00:01:56 (323 turns).

hawla the Firebug (Meteoran Fire Elementalist)       Turns: 323, Time: 00:01:56

Health: -5/26      AC:  2    Str:  6 (9)  XL:     3   Next: 64%
Magic:  6/8        EV: 12    Int: 17 (19) God:
Gold:   72         SH:  0    Dex: 11 (14) Spells: 5/8 levels left

rFire   . . .      SeeInvis .   (no weapon)
rCold   . . .      Faith    .   (no shield)
rNeg    . . .      Spirit   .   a - +0 robe
rPois   .          Reflect  .   (no helmet)
rElec   .          Harm     .   (no cloak)
rCorr   .          Rampage  .   (no gloves)
Will    .....                   (no boots)
Stlth   +.........              (no amulet)
HPRegen 0.08/turn               (no ring)
MPRegen 0.11/turn               (no ring)

@: glowing
A: sense surroundings 1, otherworldly, glowing, explore regen
a: no special abilities


You were on level 4 of the Dungeon.
You visited 1 branch of the dungeon, and saw 4 of its levels.

You collected 72 gold pieces.

Inventory:

Armour
 a - a +0 robe (worn)
Scrolls
 c - a scroll of enchant armour {unknown}
 e - a scroll of butterflies {unknown}


   Skills:
 + Level 2.8 Dodging
 - Level 1.4 Stealth
 + Level 3.4 Spellcasting
 + Level 1.3 Conjurations
 + Level 4.3 Fire Magic


You had 5 spell levels left.
You knew the following spells:

 Your Spells              Type           Power      Damage    Failure   Level
a - Foxfire               Conj/Fire      48%        2x1d6     5%          1
b - Scorch                Fire           34%        2d6       4%          2

Your spell library contained the following spells:

 Spells                   Type           Power      Damage    Failure   Level
 Conjure Flame            Conj/Fire      12%        6-21      16%         3
 Inner Flame              Hex/Fire       10%        N/A       21%         3
 Flame Wave               Conj/Fire      12%        2d6       45%         4


Dungeon Overview and Level Annotations

Branches:
Dungeon (4/15) Zot: 2076
 Temple: D:4-7

Altars:


Innate Abilities, Weirdness & Mutations

You passively map a small area around you.
You are easily found by Zot.
You glow in the dark.
You regain HP and MP as you explore.


Message History

You conjure some foxfire!
Casting: Foxfire (safe; 4% risk of failure)
Confirm with . or Enter, or press ? or * to list all spells.
You conjure some foxfire!
The foxfire hits the iguana.
The iguana is moderately wounded.
The foxfire hits the iguana but does no damage.
The iguana is moderately wounded.
The foxfire hits the iguana.
The iguana is heavily wounded.
You barely miss the iguana.
The iguana is heavily wounded.
The foxfire hits the iguana.
The iguana is severely wounded.
Your magical contamination has completely faded away.
Unknown command.
Casting: Foxfire (safe; 4% risk of failure)
Confirm with . or Enter, or press ? or * to list all spells.
You conjure some foxfire!
The iguana bites you!
Ouch! That really hurt!
You are too injured to fight recklessly!
You closely miss the iguana.
The iguana is severely wounded.
The foxfire hits the iguana.
The iguana is severely wounded.
The foxfire hits the iguana.
The iguana is almost dead.
The iguana bites you!
* * * LOW HITPOINT WARNING * * *
It was a potion of degeneration.
There was something very wrong with that liquid.
You feel weakened.
You feel dopey.
You feel clumsy. The iguana barely misses you. Magic courses through your body.
The iguana bites you.
* * * LOW HITPOINT WARNING * * *
Unknown command.
Casting: Foxfire (safe; 5% risk of failure)
Confirm with . or Enter, or press ? or * to list all spells.
Flames lash the iguana but do no damage.
The iguana bites you!
You die...

# ##.. , ,
* *
###.... ,,
..... * *
* ...
####.# *
#..@.#,, ,
,
*#.#l.#.#
* , ,..
#<...# ,
#.
###..>...,
# *,
..##.# * *
* #.#* # *
* .# , > ,
.# , * * *


You could see an iguana.

Vanquished Creatures
  2 adders
  A dart slug (D:1)
  An orc (D:3)
  An endoplasm (D:4)
  A hobgoblin (D:3)
  3 quokkas
  A ball python (D:2)
  A bat (D:1)
  A rat (D:1)
12 creatures vanquished.

Vanquished Creatures (others)
  41 foxfires
41 creatures vanquished.

Grand Total: 53 creatures vanquished

Notes
Turn   | Place    | Note
-------+----------+-------------------------------------------
     0 | D:1      | hawla the Meteoran Fire Elementalist began the quest for
                  | the Orb.
     0 | D:1      | Reached XP level 1. HP: 14/14 MP: 5/5
   153 | D:1      | Reached XP level 2. HP: 20/20 MP: 4/7
   175 | D:2      | Reached skill level 4 in Fire Magic
   182 | D:2      | Learned a level 2 spell: Scorch
   203 | D:2      | Reached XP level 3. HP: 18/26 MP: 6/8
   241 | D:3      | Found a faded altar of an unknown god.
   323 | D:4      | Slain by an iguana

Illustrated notes

Levels and vault maps discovered:
D:1:      dpeg_arrival_signposts, layout_basic
D:2:      layout_rooms
D:3:      layout_loops_cross, dreamdust_ecumenical_altar_grove
D:4:      layout_loops_ring, palyth_stone_intersect, grunt_tough_drop

Skill      XL: |  1  2 |
---------------+-------+-----
Spellcasting   | 3 |  3.4
Fire Magic     | 4 |  4.3
Dodging        | |  2.8
Stealth        | |  1.4
Conjurations   | |  1.3

Action                   || total
-------------------------++-------
Melee: Unarmed           ||    10
 Cast: Foxfire           ||    26
       Scorch            ||     3
  Use: Potion            ||     2
Armor: Robe              ||     4
Dodge: Dodged            ||    11
